AoeStats
← BadLadyBoy

Arena

510054173Analyzed
1v1 RM · 3d ago on Sep 29, 2026· 63m 2s· 2 players
Game mode
Random Map
Map size
Tiny (2 player)
Population
200
Speed
Normal
Resources
Standard
Victory
Conquest
Starting age
Dark Age
Ending age
Imperial Age
RankedLock teamsTeams togetherTeam positionsShared explorationLock speedFull tech treeHidden civsTurbo modeCheats
Victory
Defeat
🇩🇪 Romans · Germany
526
+19
🇺🇸 Aztecs · United States
585
-39
PersianAria95
11:38 Feudal Age
13:22 Wheelbarrow
12:33 Loom
13:43 Double-Bit Axe
16:05 Castle Age
14:53 Horse Collar
19:02 Bow Saw
19:11 Heavy Plow
25:10 Hand Cart
24:54 Fletching
31:44 Imperial Age
32:12 Squires
31:35 Man-at-Arms
31:36 Pikeman
32:56 Crop Rotation
32:43 Bodkin Arrow
32:49 Padded Archer Armor
34:05 Town Watch
34:51 Conscription
34:52 Leather Archer Armor
34:38 Scale Mail Armor
34:49 Forging
34:45 Scale Barding Armor
35:03 Gold Mining
35:06 Stone Mining
38:28 Gold Shaft Mining
37:18 Elite Centurion
39:10 Elite Skirmisher
39:11 Crossbowman
41:11 Bloodlines
41:02 Husbandry
41:39 Ring Archer Armor
41:25 Chain Mail Armor
41:46 Iron Casting
41:32 Chain Barding Armor
41:28 Fortified Wall
41:30 Masonry
42:29 Ballistics
43:11 Chemistry
43:02 Siege Engineers
44:47 Heavy Cavalry Archer
50:07 Town Patrol
51:52 Architecture
52:03 Plate Barding Armor
52:29 Blast Furnace
60:35 Comitatenses
BadLadyBoy
12:39 Feudal Age
15:10 Scale Mail Armor
16:27 Man-at-Arms
19:05 Arson
24:48 Wheelbarrow
27:54 Castle Age
30:27 Long Swordsman
30:53 Gambesons
31:08 Squires
31:24 Guard Tower
31:28 Heated Shot
53:45 Gold Mining
Connection lost

Rejoining the realm…

Still unreachable

The connection could not be restored.

Session expired

The server has moved on; the page needs a fresh start.